 Dungeon Crawl Stone Soup version 0.29-a0-486-ga88943ba61 (console) character file.

Game seed: 142428683086962499

604 Faeu the Covert (level 7, -1/39 HPs)
             Began as a Vampire Gladiator on May 26, 2022.
             Slain by an orc wizard
             ... wielding a +0 dagger
              (3 damage)
             ... on level 5 of the Dungeon.
             The game lasted 00:17:13 (5206 turns).

Faeu the Covert (Vampire Gladiator)                 Turns: 5206, Time: 00:17:14

Health: -1/39      AC:  0    Str: 11 (13) XL:     7   Next: 18%
Magic:  7/7        EV: 23    Int:  8 (10) God:
Gold:   312        SH:  0    Dex: 21 (23) Spells: 6/6 levels left

rFire   . . .      SeeInvis +   (weapon currently unavailable)
rCold   + + .      Faith    .   (shield currently unavailable)
rNeg    + + +      Spirit   .   (body armour currently unavailable)
rPois   ∞          Reflect  .   (helmet currently unavailable)
rElec   .          Harm     .   (cloak currently unavailable)
rCorr   .          Rampage  .   (gloves currently unavailable)
Will    .....                   (boots currently unavailable)
Stlth   +++++++...              (no amulet)
HPRegen 0.00/turn               (ring currently unavailable)
MPRegen 0.10/turn               (ring currently unavailable)

@: bat-form, flying, bloodless, inhibited regen, very quick
A: fast, flying, no casting, tiny, bloodless, fangs 3, see invisible, vampiric 2
a: Revivify, End Transformation


You were on level 5 of the Dungeon.
You were a vampire bat.
You visited 1 branch of the dungeon, and saw 7 of its levels.

You collected 312 gold pieces.


Innate Abilities, Weirdness & Mutations

You are a vampire bat.
You are tiny and dextrous.
You move quickly.
You are flying.
You are immune to poison.
Your equipment is almost entirely melded.
You are incapable of wielding weapons or throwing items.
You cannot cast spells.
You do not regenerate when monsters are visible.
You are frail without blood (-20% HP).
You can heal yourself when you bite living creatures.
You are immune to poison.
You have razor-sharp teeth.
You have supernaturally acute eyesight. (SInv)
You are afflicted with vampirism and can become a bat while bloodless.


   Skills:
 - Level 1.7 Fighting
 - Level 4.6 Short Blades
 - Level 1.5 Throwing
 + Level 4.6 Dodging
 + Level 10.0 Stealth
 + Level 0.0 Unarmed Combat


You had 6 spell levels left.
You didn't know any spells.
Your spell library contained the following spells:

 Spells                   Type           Power      Damage    Failure   Level
 Ensorcelled Hibernation  Hex/Ice        0%         N/A       54%         2
 Gell's Gravitas          Tloc           0%         N/A       78%         3
 Lesser Beckoning         Tloc           0%         N/A       78%         3
 Spider Form              Tmut/Pois      0%         N/A       78%         3
 Teleport Other           Tloc           0%         N/A       78%         3
 Anguish                  Hex/Necr       0%         N/A       99%         4

Inventory:

Hand Weapons
 a - a +0 rapier {short}
 w - a +0 dagger of electrocution (melded) {short}
   (You took it off a goblin on level 2 of the Dungeon)
Missiles
 d - 3 throwing nets (quivered) {=f!fthrowing}
 e - a javelin {throwing}
 i - 152 stones {throwing}
 x - 4 silver boomerangs {throwing}
 E - 4 poisoned darts {throwing}
Armour
 b - a +0 leather armour
 c - a +0 helmet (melded)
 g - a +0 scale mail
   (You found it on level 1 of the Dungeon)
 k - a +0 ring mail
   (You found it on level 1 of the Dungeon)
 l - a +0 leather armour
   (You found it on level 1 of the Dungeon)
 p - a +0 leather armour
   (You found it on level 1 of the Dungeon)
 t - a +2 pair of gloves (melded)
   (You found it on level 2 of the Dungeon)
 y - a +1 cloak (melded)
   (You found it on level 2 of the Dungeon)
 C - a +0 robe (melded)
   (You found it on level 3 of the Dungeon)
 D - a +0 leather armour
   (You found it on level 3 of the Dungeon)
 H - a +0 ring mail
   (You took it off an orc on level 5 of the Dungeon)
 I - a +0 ring mail
   (You took it off an orc priest on level 5 of the Dungeon)
 J - a +0 robe
   (You took it off an orc wizard on level 5 of the Dungeon)
 K - a +0 pair of boots
   (You found it on level 6 of the Dungeon)
Jewellery
 r - an amulet of the acrobat
   (You found it on level 1 of the Dungeon)
Wands
 L - a wand of polymorph (7)
   (You found it on level 6 of the Dungeon)
Scrolls
 h - 7 scrolls of identify {unknown}
 j - 4 scrolls of teleportation {unknown}
 m - a scroll of magic mapping {unknown}
 q - a scroll of amnesia {unknown}
 v - a scroll of brand weapon {unknown}
 A - a scroll of noise {unknown}
 B - a scroll of immolation {unknown}
 F - a scroll of fog {unknown}
 G - a scroll of vulnerability {unknown}
 M - a scroll of enchant weapon {unknown}
Potions
 f - 5 potions of invisibility {unknown}
 n - a potion of degeneration {unknown}
 o - a potion of attraction {unknown}
 s - 2 potions of curing {unknown}
 u - a potion of resistance {unknown}
 z - 2 potions of might {unknown}

Dungeon Overview and Level Annotations

Branches:
Dungeon (7/15)
 Temple: D:4-7

Altars:
Elyvilon
Gozag
Okawaru

Shops:
D:3 !

Annotations:
D:4 Menkaure
D:5 1 runed translucent door, JosephDoom's ghost, novice NaVM

#.# ## #.# #.# .# #.# #.#
## #.# #.# .# #.# #.# .#
#.# #.# .# ##.########.#
######.........#.##########
..............>...........#
######....####.#o######.###
# #....# #.#b# #.# # #...##
#.#o# #.# # #...## #.#o#
#.# # #....## #.#.######.#
## #.....# #.#...o....# .#
####...##.#..####### .#
##+###.#..# .# #wW≈##.#..#
.# #W≈≈# #..# .# #≈≈≈# #..#
## #≈≈≈# #..#


You could see an orc priest and 2 orc wizards.


Message History

The wight completely misses you. The wight barely misses you.
There is an open door here. 😮 HP[+1]
There is a stone staircase leading down here.
You fly downwards.
There is a stone staircase leading up here.
You fly upwards.
There is a stone staircase leading down here. 😮 HP[+1] 😮 HP[+1] 😮 HP[+1]
There is an open door here.
There is an open door here.
The howler monkey howls!
The howler monkey hoots and howls with incredible vigour! 😮 HP[+1]
There is an open door here.
The howler monkey hoots and howls with incredible vigour!
Unknown command.
There is an open door here.
The howler monkey hoots and howls with incredible vigour! 😮 HP[+1]
There is a stone staircase leading up here.
You fly upwards.
Level annotation: 1 runed translucent door, JosephDoom's ghost, novice NaVM
There is a stone staircase leading down here. 😮 HP[+1]
The orc wizard casts a spell at you. The puff of flame hits you! 😮 HP[-7]
You take 7 damage, and now have 21/39 hp.
The orc wizard casts a spell at you.
You easily resist. 😮 HP[+1]
You completely miss the orc wizard.
The orc wizard shouts!
The orc wizard barely misses you.
You hit the orc wizard. You bite the orc wizard.
You draw the orc wizard's blood!
You feel better. The orc wizard casts a spell at you.
You are confused. 😮 HP[+2]
You regained 2 hp, and now have 24/39 hp.
You hit the orc wizard but do no damage.
Your bite misses the orc wizard. The orc wizard completely misses you.
You barely miss the orc wizard.
The orc wizard hits you with a +0 dagger. 😮 HP[-4]
You take 4 damage, and now have 20/39 hp.
An orc wizard is nearby!
You are too injured to fight recklessly!
You barely miss the orc wizard.
The orc wizard hits you with a +0 dagger.
* * * LOW HITPOINT WARNING * * *
😨 HP[-1]
You take 1 damage, and now have 19/39 hp.
You bump into the rock wall.
The orc wizard misses you.
You closely miss the orc wizard. The orc wizard completely misses you.
You hit the orc wizard. The orc wizard barely misses you.
You closely miss the orc wizard. Your bite misses the orc wizard.
You feel less confused. The orc wizard closely misses you.
You hit the orc but do no damage.
The orc hits you with a +0 dagger of draining.
* * * LOW HITPOINT WARNING * * *
The orc wizard barely misses you. 😨 HP[-1]
You take 1 damage, and now have 18/39 hp.
You hit the orc. You bite the orc.
You draw the orc's blood!
You feel better. The orc barely misses you.
The orc wizard completely misses you. 😮 HP[+2]
You regained 2 hp, and now have 20/39 hp.
You hit the orc. The orc wizard misses you. The orc closely misses you.
You hit the orc but do no damage. The orc misses you.
The orc wizard gestures wildly while chanting.
The orc wizard flickers and vanishes for a moment.
You hit the orc. The orc closely misses you.
The orc wizard gestures at you while chanting.
The puff of flame hits you!
* * * LOW HITPOINT WARNING * * *
😨 HP[-9]
You take 9 damage, and now have 11/39 hp.
MASSIVE DAMAGE!! (PAUSE)
You barely miss the orc. The orc completely misses you.
The orc wizard completely misses you.
You hit the orc.
The orc hits you with a +0 dagger of draining.
* * * LOW HITPOINT WARNING * * *
The orc wizard misses you. 😱 HP[-4]
You take 4 damage, and now have 7/39 hp.
You hit the orc.
You kill the orc!
The orc wizard closely misses you.
You barely miss the orc wizard. Your bite misses the orc wizard.
The orc wizard hits you with a +0 dagger.
* * * LOW HITPOINT WARNING * * *
The orc wizard hits you with a +0 dagger.
You die...

Skill      XL: |  1  2  3  4  5  6 |
---------------+-------------------+-----
Stealth        | 2 4 6 7 9 10 | 10.0
Short Blades   | 4 |  4.6
Dodging        | 4 |  4.6
Fighting       | |  1.7
Throwing       | |  1.5

Action                   |  1- 3 |  4- 6 |  7- 9 || total
-------------------------+-------+-------+-------++-------
Melee: Rapier            |    95 |    48 |       ||   143
       Bite              |     8 |     4 |    10 ||    22
       Dagger            |       |    23 |     7 ||    30
       Unarmed           |       |       |    48 ||    48
 Abil: Exsanguinate      |       |     1 |       ||     1
       Bat Form          |       |       |     1 ||     1
 Stab: Sleeping          |     6 |     8 |     3 ||    17
       Distracted        |       |       |     1 ||     1
Armor: Leather armour    |    28 |    13 |       ||    41
       Robe              |       |     4 |     3 ||     7
Dodge: Dodged            |    60 |    30 |    47 ||   137

Levels and vault maps discovered:
D:1:      roderic_crossed_star, layout_basic
D:2:      layout_basic, basic_altar, nicolae_ecumenical_oubliette,
          minmay_tetromino_l4
D:3:      layout_basic, serial_shops, nicolae_shop_trees, uniq_natasha
D:4:      layout_loops_cross, nicolae_dithmenos_the_darkroom,
          minmay_temple_entry_large_hall, minmay_ruined_shrine, uniq_menkaure
D:5:      layout_basic, mainiacjoe_overflow_surrounded_room,
          nicolae_gozag_cash_rules_everything_around_me, ebering_ghost_sewer_f,
          dreamdust_gnoll_farm
D:6:      layout_basic, elyvilon_altar_5
D:7:      layout_cave_pools

Notes
Turn   | Place    | Note
-------+----------+-------------------------------------------
     0 | D:1      | Faeu the Vampire Gladiator began the quest for the Orb.
     0 | D:1      | Reached XP level 1. HP: 16/16 MP: 1/1
     0 | D:1      | magus.rc [v1.9.6]
    92 | D:1      | Reached skill level 1 in Stealth
   118 | D:1      | Reached skill level 2 in Stealth
   152 | D:1      | Reached XP level 2. HP: 22/22 MP: 2/2
   156 | D:1      | Reached skill level 3 in Stealth
   264 | D:1      | You pick up a book of Displacement and begin reading...
   264 | D:1      | You add the spells Lesser Beckoning, Gell's Gravitas and
                  | Teleport Other to your library.
   353 | D:1      | Reached skill level 4 in Stealth
   602 | D:1      | Gained mutation: You are afflicted with vampirism and can
                  | become a bat while bloodless. [Vampire growth]
   602 | D:1      | Reached XP level 3. HP: 19/27 MP: 3/3
   975 | D:2      | Reached skill level 5 in Stealth
  1104 | D:2      | Found an iron altar of Okawaru.
  1165 | D:2      | Found a faded altar of an unknown god.
  1289 | D:2      | You pick up a book of Dreams and begin reading...
  1289 | D:2      | You add the spells Ensorcelled Hibernation, Spider Form and
                  | Anguish to your library.
  1583 | D:3      | Reached skill level 6 in Stealth
  1583 | D:3      | Reached XP level 4. HP: 33/33 MP: 4/4
  1597 | D:3      | Found Iciji Rite's Distillery.
  1597 | D:3      | Noticed Natasha
  1616 | D:3      | Killed Natasha
  1763 | D:3      | Noticed Natasha
  1774 | D:3      | Killed Natasha
  1775 | D:3      | Reached skill level 7 in Stealth
  2555 | D:4      | Noticed Menkaure
  2789 | D:4      | Reached XP level 5. HP: 26/30 MP: 5/5
  2882 | D:4      | Noticed a centaur
  2900 | D:5      | Entered Level 5 of the Dungeon
  2940 | D:5      | Found an opulent altar of Gozag.
  3041 | D:5      | Found a runed translucent door.
  3043 | D:5      | Reached skill level 8 in Stealth
  3047 | D:5      | Noticed JosephDoom's ghost (novice NaVM)
  3130 | D:5      | Reached skill level 9 in Stealth
  3144 | D:5      | Reached XP level 6. HP: 25/35 MP: 6/6
  3398 | D:6      | You pick up a book of Displacement and begin reading...
  3496 | D:6      | Noticed a sky beast
  3767 | D:7      | Noticed an ice beast
  3767 | D:7      | Noticed a sky beast
  3777 | D:7      | Noticed a yak
  3798 | D:7      | Reached skill level 4 in Short Blades
  3798 | D:7      | Reached skill level 4 in Dodging
  3809 | D:7      | Killed an ice beast
  3810 | D:7      | Reached skill level 10 in Stealth
  3810 | D:7      | Reached XP level 7. HP: 39/39 MP: 7/7
  3929 | D:7      | HP: 7/39 [sky beast (3)]
  3929 | D:7      | HP: 1/39 [sky beast (6)]
  5048 | D:7      | Noticed a yak
  5048 | D:7      | Noticed a yak
  5048 | D:7      | Noticed a yak
  5048 | D:7      | Noticed a yak
  5048 | D:7      | Noticed a yak
  5204 | D:5      | HP: 7/39 [orc/+0 dagger of draining (4)]
  5206 | D:5      | HP: 2/39 [orc wizard/+0 dagger (5)]
  5206 | D:5      | Slain by an orc wizard

Vanquished Creatures
  A black bear (D:7)
  An ice beast (D:7)
  2 scorpions (D:5)
  A hound (D:7)
  A jelly (D:5)
  An orc priest (D:5)
  An iguana (D:6)
  2 orc wizards (D:5)
  Natasha (twice) (D:3)
  An adder (D:3)
  A white imp (D:4)
  An ufetubus (D:7)
  A worm (D:2)
  4 dart slugs
  4 orcs (D:5)
  5 ball pythons
  4 bats
  5 endoplasms
  7 goblins
  7 hobgoblins
  3 jackals (D:1)
  6 kobolds
  3 quokkas
  3 frilled lizards
  5 rats
72 creatures vanquished.

Table legend:
 A = Non-vault XP
 B = Vault XP
 C = Vault XP percentage of total XP
 D = Non-vault monster count
 E = Vault monster count
 F = Vault count percentage of total count
                 A         B        C        D         E       F
            +---------+---------+-------+---------+---------+-------
      Total |     826 |      37 |   4.3 |      70 |       2 |   2.8
            +---------+---------+-------+---------+---------+-------
        D:1 |      51 |       0 |   0.0 |      26 |       0 |   0.0
        D:2 |      31 |       2 |   6.1 |      15 |       1 |   6.2
        D:3 |      64 |      35 |  35.4 |      11 |       1 |   8.3
        D:4 |      14 |       0 |   0.0 |       3 |       0 |   0.0
        D:5 |     330 |       0 |   0.0 |      10 |       0 |   0.0
        D:6 |      37 |       0 |   0.0 |       1 |       0 |   0.0
        D:7 |     299 |       0 |   0.0 |       4 |       0 |   0.0
            +---------+---------+-------+---------+---------+-------

Illustrated notes

Table legend:
 A = Kills in this place as a percentage of kills in entire the game.
 B = Kills by you in this place as a percentage of kills by you in the entire game.
 C = Kills by friends in this place as a percentage of kills by friends in the entire game.
 D = Other kills in this place as a percentage of other kills in the entire game.
 E = Experience gained in this place as a percentage of experience gained in the entire game.
 F = Experience gained in this place divided by the number of levels of this place that you have seen.
                   A       B       C       D       E      F
               +-------+-------+-------+-------+-------+----------------------
         Total | 100.0 | 100.0 |   N/A |   N/A | 100.0 | 123.3
       Dungeon | 100.0 | 100.0 |   N/A |   N/A | 100.0 | 123.3
               +-------+-------+-------+-------+-------+----------------------

Table legend: (Time is in decaauts)
 A = Elapsed time spent in this place.
 B = Non-inter-level travel time spent in this place.
 C = Inter-level travel time spent in this place.
 D = Time resting spent in this place.
 E = Time spent auto-exploring this place.
 F = Levels seen in this place.
 G = Mean time per level.
                   A        B        C        D        E       F      G
               +--------+--------+--------+--------+--------+-----+--------+
         Total |   4884 |   4673 |    211 |    564 |   2391 |   7 |  697.7 |
       Dungeon |   4884 |   4673 |    211 |    564 |   2391 |   7 |  697.7 |
               +--------+--------+--------+--------+--------+-----+--------+

Top non-repeatable levels by time:
     D:3: 1200 daAuts
     D:6: 1033 daAuts
     D:1: 914 daAuts
     D:2: 570 daAuts
     D:7: 509 daAuts
     D:5: 435 daAuts
     D:4: 221 daAuts
